AoeStats
← Bob

Golden Pit

509684861Analyzed
1v1 RM · 3d ago on Sep 27, 2026· 22m 8s· 2 players
Game mode
Random Map
Map size
Tiny (2 player)
Population
200
Speed
Normal
Resources
Standard
Victory
Conquest
Starting age
Dark Age
Ending age
Imperial Age
RankedLock teamsTeams togetherTeam positionsShared explorationLock speedFull tech treeHidden civsTurbo modeCheats
Victory
Defeat
🇺🇸 Malay · United States
839
+18
🇺🇸 Franks · United States
872
-18
Bob
7:15 Loom
11:11 Feudal Age
17:13 Castle Age
16:01 Double-Bit Axe
18:17 Forging
kah23
1:40 Loom
2:32 Loom
10:46 Feudal Age
11:28 Double-Bit Axe
13:43 Town Watch
17:50 Gold Mining
22:21 Castle Age
21:04 Forging
21:04 Stone Mining
Connection lost

Rejoining the realm…

Still unreachable

The connection could not be restored.

Session expired

The server has moved on; the page needs a fresh start.